 Dungeon Crawl Stone Soup version 0.20.1-1-g8b1a95d (webtiles) character file.

12210 vomix the Cleaver (level 11, -8/102 HPs)
             Began as a Minotaur Berserker on Sept 9, 2017.
             Was a High Priest of Trog.
             Mangled by Snorg (11 damage)
             ... on level 11 of the Dungeon.
             The game lasted 00:23:01 (12929 turns).

vomix the Cleaver (Minotaur Berserker)             Turns: 12929, Time: 00:23:01

Health: -8/102     AC: 23    Str: 23    XL:     11   Next: 59%
Magic:  10/10      EV:  9    Int:  4    God:    Trog [*****.]
Gold:   810        SH:  0    Dex: 12    Spells: 10/10 levels left

rFire    . . .     SeeInvis .   a - +0 war axe
rCold    . . .     Gourm    .   (no shield)
rNeg     . . .     Faith    .   j - +0 plate armour
rPois    .         Spirit   .   (helmet restricted)
rElec    .         Reflect  .   M - +2 cloak
rCorr    .         Harm     .   D - +2 pair of gloves
MR       +....                  x - +0 pair of boots {Stlth+}
Stlth    ..........             (no amulet)
Regen    0.3/turn               C - ring of protection from magic
MPRegen  0.2/turn               g - -3 ring of evasion (curse)

@: about to teleport, berserk cooldown, slowed, drained, very slow
A: retaliatory headbutt, horns 2
a: Berserk, Trog's Hand, Brothers in Arms, Burn Spellbooks, Renounce Religion


You were on level 11 of the Dungeon.
You worshipped Trog.
Trog was extremely pleased with you.
You were not hungry.

You visited 2 branches of the dungeon, and saw 12 of its levels.

You collected 810 gold pieces.

Inventory:

Hand Weapons
 a - a +0 war axe (weapon)
Armour
 j - a +0 plate armour (worn)
 x - a +0 pair of boots of stealth (worn)
 D - a +2 pair of gloves (worn)
 M - a +2 cloak (worn)
Jewellery
 d - an uncursed ring of fire
 g - a cursed -3 ring of evasion (right hand)
 v - an uncursed ring of flight
 z - an uncursed ring of resist corrosion
 A - a +4 ring of dexterity
 C - a ring of protection from magic (left hand)
 S - an uncursed ring of ice
Wands
 i - a wand of digging (12/24)
 E - a wand of paralysis (8/24)
 G - a wand of iceblast (8/15)
 J - a wand of acid (0/15)
 O - a wand of enslavement (7/24)
Scrolls
 e - 2 scrolls of identify
 h - 2 scrolls of magic mapping
 k - 2 scrolls of enchant weapon {unknown}
 l - 5 scrolls of teleportation
 o - a scroll of enchant armour
 u - 4 scrolls of remove curse
 y - 2 scrolls of immolation {unknown}
 B - 4 scrolls of fog
 I - 2 scrolls of torment
 P - 2 scrolls of vulnerability {unknown}
 R - a scroll of recharging {unknown}
Potions
 b - a potion of berserk rage
 f - 6 potions of heal wounds
 m - 2 potions of ambrosia
 n - 4 potions of curing
 p - 5 potions of lignification
 q - a potion of agility
 r - a potion of cancellation
 s - 6 potions of flight
 t - 4 potions of mutation
 K - 2 potions of haste
Comestibles
 c - 8 bread rations
 w - 5 chunks of flesh
 F - 4 fruits
 H - 4 meat rations
 Q - 5 royal jellies


   Skills:
 - Level 11.0(10.6) Fighting
 + Level 11.5(11.1) Axes
 - Level 11.0(10.6) Armour
 + Level 11.3(10.9) Dodging


You had 10 spell levels left.
You didn't know any spells.

Dungeon Overview and Level Annotations

Branches:
Dungeon (11/15)            Temple (1/1) D:7            Lair (0/6) D:10
    Orc (0/2) D:10

Altars:
Ashenzari
Cheibriados
Dithmenos
Elyvilon
Fedhas
Gozag
Hepliaklqana
Kikubaaqudgha
Makhleb
Nemelex Xobeh
Okawaru
Qazlal
Ru
Sif Muna
Trog
Uskayaw
Vehumet
Xom
Yredelemnul
Zin
The Shining One

Annotations:
D:10 4 runed doors
D:11 Snorg


Innate Abilities, Weirdness & Mutations

You reflexively headbutt those who attack you in melee.
You have a pair of horns on your head.


Message History

You slice Snorg!!
Snorg is heavily wounded.
You slash the withered plant! x2; You hit the withered plant.
You hit the withered plant but do no damage.
Snorg bites you!
* * * LOW HITPOINT WARNING * * *
Snorg claws you!
* * * LOW HITPOINT WARNING * * *
Snorg closely misses you.
You are too berserk!
You are too berserk!
You feel a strong urge to attack something.
You feel your anger subside.
You are no longer berserk.
You are exhausted.
You feel yourself slow down.
As you read the scroll of teleportation, it crumbles to dust.
You feel strangely unstable. Snorg bites you but does no damage.
Snorg claws you!
You die...

########..## $
#...# .
#.....#.####.#..
.
#.....#........#
.
#.....#..####..#
.
#####.#........#
. #.#...##.#.# .
#.#.#<...# #
#.#@#.####.#
#T#.P.PP.#
#.#..P...##
#...PP..$...
###....?####
......# ######.#
.# #


You could see Snorg (berserk).

Vanquished Creatures
  A hydra (D:11)
  Fannar (D:10)
  2 two-headed ogres
  Maurice (D:8)
  A merfolk (D:9)
  Grinder (D:5)
  2 hippogriffs (D:10)
  A wyvern (D:10)
  14 yaks
  The ghost of Amon001 the Skirmisher, an amateur GrFi (D:4)
  A soldier ant (D:11)
  A warg (D:10)
  2 water moccasins
  2 porcupines (D:10)
  8 orc warriors
  3 sky beasts
  A black bear (D:10)
  An eye of draining (D:9)
  3 ogres
  3 necrophages
  A phantom (D:9)
  7 centaurs
  2 crocodiles (D:10)
  5 bullfrogs
  3 gnoll sergeants (D:7)
  3 scorpions
  3 killer bees (D:9)
  2 wights (D:11)
  A howler monkey (D:7)
  5 crimson imps
  2 bullfrog zombies
  12 hounds
  4 jellies
  A quasit (D:10)
  5 bullfrog skeletons
  A centaur zombie (D:7)
  4 gnoll shamans (D:7)
  6 orc priests
  Terence (D:3)
  Ijyb (D:3)
  2 iguanas
  13 orc wizards
  10 worker ants
  A killer bee zombie (D:10)
  A mummy (D:11)
  A hound zombie (D:7)
  27 gnolls
  12 adders
  An ooze (D:1)
  3 adder zombies
  2 adder skeletons
  4 worms
  A dart slug (D:3)
  9 leopard geckos
  40 orcs
  10 bats
  5 giant cockroaches
  8 goblins
  4 hobgoblins
  8 jackals
  3 frilled lizards (D:2)
  A jackal skeleton (D:7)
  14 kobolds
  A leopard gecko skeleton (D:4)
  3 quokka skeletons
  A quokka zombie (D:6)
  7 rats
  A fungus (D:10)
  A plant (D:10)
313 creatures vanquished.

Vanquished Creatures (others)
  An orc (D:4)
  15 fungi (D:10)
  4 plants (D:10)
20 creatures vanquished.

Grand Total: 333 creatures vanquished

Notes
Turn   | Place    | Note
-------+----------+-------------------------------------------
     0 | D:1      | vomix the Minotaur Berserker began the quest for the Orb.
     0 | D:1      | Reached XP level 1. HP: 19/19 MP: 0/0
   562 | D:1      | Reached XP level 2. HP: 24/26 MP: 1/1
  1055 | D:2      | Reached skill level 5 in Axes
  1122 | D:2      | Reached XP level 3. HP: 31/31 MP: 2/2
  1179 | D:2      | Found a burning altar of Makhleb.
  1243 | D:2      | Reached XP level 4. HP: 39/39 MP: 3/3
  1252 | D:2      | Reached ** piety under Trog
  2224 | D:3      | Noticed Ijyb
  2230 | D:3      | Killed Ijyb
  2230 | D:3      | Reached XP level 5. HP: 45/45 MP: 4/4
  2340 | D:3      | Noticed Terence
  2350 | D:3      | Killed Terence
  2782 | D:4      | Noticed Amon001's ghost (amateur GrFi)
  2789 | D:4      | Killed Amon001's ghost
  2789 | D:4      | Reached *** piety under Trog
  2789 | D:4      | Reached XP level 6. HP: 41/51 MP: 5/5
  3016 | D:4      | Reached XP level 7. HP: 44/57 MP: 6/6
  3714 | D:5      | Entered Level 5 of the Dungeon
  3794 | D:5      | Reached skill level 10 in Axes
  3830 | D:5      | Found a hazy altar of Hepliaklqana.
  3830 | D:5      | Found an iron altar of Okawaru.
  3842 | D:5      | Got a bone hunting sling
  3851 | D:5      | Identified the +0 hunting sling "Tattletale" {freeze, *Drain rPois Str+5 Int+3} (You found it on level 5 of the Dungeon)
  3908 | D:5      | Reached skill level 5 in Fighting
  4226 | D:5      | Found a shadowy altar of Dithmenos.
  4542 | D:5      | Noticed Grinder
  4546 | D:5      | Killed Grinder
  4546 | D:5      | Reached XP level 8. HP: 73/73 MP: 7/7
  5231 | D:6      | Reached **** piety under Trog
  6222 | D:7      | Reached skill level 10 in Fighting
  6430 | D:7      | Reached XP level 9. HP: 89/89 MP: 8/8
  6475 | D:7      | Reached ***** piety under Trog
  6675 | D:7      | Reached skill level 5 in Armour
  6895 | D:7      | Reached skill level 5 in Dodging
  6981 | D:7      | Found a staircase to the Ecumenical Temple.
  6994 | Temple   | Entered the Ecumenical Temple
  8444 | D:8      | Reached XP level 10. HP: 95/95 MP: 9/9
  8526 | D:8      | Noticed Maurice
  8535 | D:8      | Killed Maurice
  8720 | D:8      | Found a deep blue altar of Sif Muna.
 10101 | D:9      | Noticed a two-headed ogre
 10106 | D:9      | Killed a two-headed ogre
 10205 | D:9      | Reached skill level 10 in Armour
 10496 | D:9      | Found a blossoming altar of Fedhas.
 10729 | D:10     | Entered Level 10 of the Dungeon
 11092 | D:10     | Found a huge runed gate.
 11093 | D:10     | Found a huge runed gate.
 11094 | D:10     | Found a huge runed gate.
 11095 | D:10     | Noticed a manticore
 11105 | D:10     | Found a huge runed gate.
 11322 | D:10     | Found a staircase to the Orcish Mines.
 11463 | D:10     | Reached XP level 11. HP: 54/100 MP: 8/10
 11603 | D:10     | Reached skill level 10 in Dodging
 11729 | D:10     | Found a staircase to the Lair.
 11729 | D:10     | Noticed a two-headed ogre
 11739 | D:10     | Killed a two-headed ogre
 11794 | D:10     | Noticed Fannar
 11806 | D:10     | Killed Fannar
 11820 | D:10     | Received a gift from Trog
 11909 | D:10     | Found a white marble altar of Elyvilon.
 12842 | D:11     | Noticed a seven-headed hydra
 12851 | D:11     | Killed an eight-headed hydra
 12915 | D:11     | Noticed Snorg
 12923 | D:11     | HP: 3/153 [Snorg (7)]
 12929 | D:11     | Mangled by Snorg

Skill      XL: |  1  2  3  4  5  6  7  8  9 10 11 |
---------------+----------------------------------+-----
Axes           | 4 5 7 8 9 10 11 | 11.5
Fighting       | 7 11 | 11.0
Armour         | 7 10 11 | 11.0
Dodging        | 6 9 11 | 11.3

Action                   |  1- 3 |  4- 6 |  7- 9 | 10-12 || total
-------------------------+-------+-------+-------+-------++-------
Melee: Hand axe          |    57 |    42 |       |       ||    99
       Headbutt          |     7 |    31 |    76 |    82 ||   196
       War axe           |       |   119 |   298 |   312 ||   729
Invok: Berserk           |       |     4 |     7 |    11 ||    22
       Trog's Hand       |       |     1 |       |     4 ||     5
       Burn Spellbooks   |       |       |     1 |       ||     1
       Brothers in Arms  |       |       |       |     1 ||     1
Evoke: Wand              |       |       |     1 |     1 ||     2
  Use: Scroll            |       |       |       |    18 ||    18
       Potion            |       |       |       |     1 ||     1
  Eat: Chunk             |     1 |    10 |     7 |    24 ||    42
       Meat ration       |       |       |     1 |     2 ||     3
       Fruit             |       |       |     1 |       ||     1
       Royal jelly       |       |       |     2 |       ||     2
       Bread ration      |       |       |     1 |       ||     1
Armor: Animal skin       |     5 |       |       |       ||     5
       Plate armour      |    30 |   107 |   231 |   250 ||   618
Dodge: Dodged            |    41 |    62 |   144 |   154 ||   401
